AoeStats
← [PFB] Treibholz [CH]

Nomad

510147303Analyzed
4v4 RM · 3d ago on Sep 29, 2026· 76m 45s· 8 players
Game mode
Random Map
Map size
231×231
Population
200
Speed
Normal
Resources
Standard
Victory
Conquest
Starting age
Dark Age
Ending age
Imperial Age
RankedLock teamsTeams togetherTeam positionsShared explorationLock speedFull tech treeHidden civsTurbo modeCheats
Victory
Defeat
🇨🇭 Spanish · Switzerland
909
+17
🇳🇱 Portuguese · Netherlands
909
+17
🇮🇹 Muisca · Italy
894
+18
🇨🇭 Chinese · Switzerland
849
+19
🇸🇦 Magyars · Saudi Arabia
934
-18
🇺🇸 Vietnamese · United States
931
-18
🇬🇧 Huns · United Kingdom
929
-18
🇺🇸 Danes · United States
921
-17
maalrugu
14:14 Feudal Age
15:21 Double-Bit Axe
16:07 Loom
19:48 Champi Runner
27:18 Castle Age
26:56 Scale Mail Armor
28:54 Champi Warrior
31:32 Chain Mail Armor
31:27 Forging
31:48 Fletching
32:10 Squires
37:20 Iron Casting
36:41 Bodkin Arrow
36:47 Padded Archer Armor
43:43 Pikeman
59:02 Imperial Age
74:06 Chemistry
76:15 Town Watch
Henkwersdf
15:38 Feudal Age
13:54 Loom
17:00 Wheelbarrow
16:21 Fishing Lines
18:33 Double-Bit Axe
18:32 Horse Collar
21:13 Bloodlines
23:21 Castle Age
22:20 Forging
23:39 Town Watch
29:54 Medium Warships
32:13 Fletching
38:39 Gillnets
39:53 Hand Cart
43:52 Imperial Age
45:33 Chemistry
46:45 Elite Cannon Galleon
47:01 Capped Ram
53:18 Bombard Tower
53:19 Ballistics
53:02 Bodkin Arrow
54:17 Cavalier
61:36 Scale Barding Armor
[PFB] Treibholz [CH]
13:40 Loom
15:48 Feudal Age
16:31 Double-Bit Axe
16:29 Horse Collar
16:49 Fishing Lines
21:57 Castle Age
22:04 Padded Archer Armor
23:32 Bow Saw
25:14 Wheelbarrow
25:05 Heavy Plow
32:57 Leather Archer Armor
45:15 Imperial Age
46:26 Conscription
47:04 Ring Archer Armor
49:23 Fletching
49:13 Elite Conquistador
50:00 Bodkin Arrow
58:13 Hand Cart
57:44 Town Watch
59:22 Caravan
59:55 Town Patrol
63:07 Bloodlines
62:58 Husbandry
[PFB] thedömv
19:40 Feudal Age
20:29 Town Watch
20:33 Double-Bit Axe
29:06 Fletching
30:51 Forging
35:33 Wheelbarrow
43:08 Forging
45:41 Scale Mail Armor
53:10 Castle Age
54:03 Horse Collar
54:20 Pikeman
57:50 Squires
58:31 Bow Saw
58:24 Heavy Plow
70:55 Iron Casting
72:23 Chain Mail Armor
shabolobodingdong
13:48 Feudal Age
13:25 Loom
15:22 Double-Bit Axe
19:54 Castle Age
18:17 Scale Mail Armor
20:12 Arson
20:26 Gambesons
20:42 Squires
27:24 Chain Mail Armor
30:32 Pikeman
36:43 Stone Mining
36:45 Gold Mining
37:15 Bow Saw
CrazyWolf
15:58 Feudal Age
16:23 Horse Collar
16:31 Double-Bit Axe
19:13 Loom
25:21 Castle Age
24:32 Bloodlines
24:31 Scale Barding Armor
27:55 Bow Saw
27:48 Heavy Plow
28:21 Medium Warships
28:32 Husbandry
30:19 Fletching
37:20 Corvinian Army
41:16 Imperial Age
39:54 Wheelbarrow
39:04 Town Watch
40:08 Bodkin Arrow
40:37 Chain Barding Armor
40:12 Bodkin Arrow
40:29 Murder Holes
40:14 Treadmill Crane
40:55 Ballistics
40:47 Masonry
43:01 Conscription
44:06 Plate Barding Armor
43:32 Bracer
43:39 Siege Engineers
44:35 Chemistry
44:33 Elite Magyar Huszar
45:49 Hoardings
48:24 Two-Man Saw
47:43 Hand Cart
50:30 Gold Mining
50:52 Stone Mining
xxyvonnederful
13:04 Loom
16:42 Feudal Age
20:59 Castle Age
20:17 Double-Bit Axe
Horahlooks
14:42 Loom
16:28 Feudal Age
17:43 Double-Bit Axe
20:39 Castle Age
18:57 Fishing Lines
19:31 Scale Barding Armor
19:37 Forging
21:23 Forging
22:53 Iron Casting
26:55 Pikeman
28:13 Bloodlines
29:20 Fletching
29:59 Bodkin Arrow
31:09 Padded Archer Armor
32:17 Wheelbarrow
31:27 Town Watch
33:54 Ballistics
Connection lost

Rejoining the realm…

Still unreachable

The connection could not be restored.

Session expired

The server has moved on; the page needs a fresh start.